 Dungeon Crawl Stone Soup version 0.30.0-10-gfe55d96785 (webtiles) character file.

Game seed: 14500082619493028866

277 browni3141 the Shield-Bearer (level 6, -5/46 HPs)
             Began as a Djinni Fighter on May 16, 2023.
             Slain by an orc warrior
             ... wielding a +0 scimitar
              (11 damage)
             ... on level 4 of the Dungeon.
             The game lasted 00:02:54 (2135 turns).

browni3141 the Shield-Bearer (Djinni Fighter)       Turns: 2135, Time: 00:02:55

Health: -5/46      AC:  6    Str: 15    XL:     6   Next: 50%
Gold:   166        EV: 11    Int:  9    God:
                   SH:  5    Dex: 15

rFire   + + .        S - +1 short sword (venom)
rCold   x . .        c - +0 buckler
rNeg    + . .        I - +1 ring mail of Generosity {rN+ Regen+ Slay+2 Stlth+}
rPois   ∞            X - melded +0 helmet
rElec   .            (no cloak)
rCorr   .            (no gloves)
SInv    .            (boots unavailable)
Will    .....        (no amulet)
Stlth   ++           (no ring)
HPRegen 1.07/turn    (no ring)
MPRegen 0.00/turn

%: infuse magic (-6 HP)
@: mighty, appendages (expiring), flying, very slightly contaminated
A: horns 2, flying, sickness immunity, fire resistance 2, cold vulnerability 1,
float, innate caster, HP casting, extra vitality 1
a: End Transformation


You were on level 4 of the Dungeon.
You had temporarily grown beastly horns.
You visited 1 branch of the dungeon, and saw 4 of its levels.

You collected 166 gold pieces.

Inventory:

Hand Weapons
 a - a +0 long sword
 S - a +1 short sword of venom (weapon)
Missiles
 J - 4 curare-tipped darts
Armour
 b - a +0 scale mail
 c - a +0 buckler (worn)
 I - the +1 ring mail of Generosity (worn) {rN+ Regen+ Slay+2 Stlth+}
   (You found it on level 3 of the Dungeon)

   Slay:      It affects your accuracy & damage with ranged weapons and melee
   (+2).
   rN:        It protects you from negative energy.
   Regen:     It increases your rate of health regeneration.
   Stlth:     It makes you more stealthy.
 X - a +0 helmet (melded)
 Z - a +0 leather armour
Magical Staves
 L - a staff of air
Scrolls
 H - a scroll of vulnerability {unknown}
 N - 5 scrolls of identify {unknown}
 P - 2 scrolls of magic mapping {unknown}
 Q - a scroll of immolation {unknown}
 R - a scroll of torment {unknown}
 U - a scroll of fog {unknown}
 W - 2 scrolls of teleportation {unknown}
 Y - a scroll of fear {unknown}
Potions
 G - a potion of haste {unknown}
 K - 2 potions of heal wounds {unknown}
 O - 2 potions of mutation {unknown}
 T - a potion of curing {unknown}
 V - a potion of lignification {unknown}


   Skills:
 + Level 3.5 Fighting
 * Level 3.2 Long Blades
 + Level 3.5 Armour
 * Level 2.8 Dodging
 + Level 3.5 Shields
 * Level 1.7 Spellcasting


You knew the following spells:

 Your Spells              Type           Power      Damage    Failure   Level
a - Beastly Appendage     Tmut           8%         N/A       38%         1
x - Scorch                Fire           8%         2d5       54%         2
Your spell library was empty.

Dungeon Overview and Level Annotations

Branches:
Dungeon (4/15)
 Temple: D:4-7

Altars:
Dithmenos


Innate Abilities, Weirdness & Mutations

You have temporarily grown beastly horns.
You are flying.
You are immune to sickness and miasma.
You are immune to poison.
Your flesh is very heat resistant. (rF++)
You are vulnerable to cold. (rC-)
You float through the air rather than walking.
You learn spells naturally, not from books.
Your magical power is your life essence.
You have superior vitality. (+4 MHP)


Message History

There is an entrance to a sewer on this level.
Hurry and find it before the portal rusts away!
There is a stone staircase leading up here.
A goblin comes into view. It is wielding a +0 club.
The goblin shouts!
The goblin hits you but does no damage.
You barely miss the goblin. You barely miss the goblin.
The goblin hits you but does no damage. You block the goblin's attack.
You hit the goblin but do no damage.
The goblin is poisoned.
You hit the goblin.
You kill the goblin!
You see here a +0 club.
Found a stone staircase leading down.
There is a stone staircase leading down here.
A phantom comes into view.
Found a stone staircase leading up.
You block the phantom's attack.
You hit the phantom.
The phantom is moderately damaged.
The phantom barely misses you.
You grow a pair of large bovine horns.
Your +0 helmet melds into your body.
The phantom closely misses you.
You hit the phantom. You headbutt the phantom!
The phantom is severely damaged.
The phantom misses you.
You closely miss the phantom. Your headbutt misses the phantom.
The phantom is heavily damaged.
You hear the slow rusting of a very distant drain.
The phantom hits you but does no damage.
You hit the phantom but do no damage. You headbutt the phantom.
The phantom is heavily damaged.
The phantom hits you.
You miss the phantom. You headbutt the phantom!
The phantom is almost destroyed.
You block the phantom's attack.
You barely miss the phantom. Your headbutt misses the phantom.
The phantom is almost destroyed.
The phantom hits you.
You hit the phantom.
You destroy the phantom!
Your Long Blades skill increases to level 3!
You have reached level 6!
A kobold comes into view. It is wielding a +0 club.
Your horns disappear.
Your +0 helmet unmelds from your body.
You see here a +0 leather armour.
You hear the slow rusting of a very distant drain.
Found a stone staircase leading down.
There is a stone staircase leading down here.
K - 2 sapphire potions (gained 1)
G - a fuming silvery potion You hear the rusting of a very distant drain.
A bullfrog and an orc warrior come into view.
The bullfrog croaks.
The bullfrog hits you.
You barely miss the bullfrog. The bullfrog hits you!
The bullfrog attacks as you move away! The bullfrog hits you.
The orc warrior shouts!
The bullfrog barely misses you.
Casting: Beastly Appendage (safe; 43% risk of failure)
Press: ? - help, Q - select action, (/) - cycle Dir - look around, f - activate You grow a pair of large bovine horns.
Your +0 helmet melds into your body.
The bullfrog hits you.
You feel very mighty all of a sudden. You block the bullfrog's attack.
The bullfrog hits you.
You closely miss the bullfrog. Your headbutt misses the bullfrog.
Your transformation is almost over.
The bullfrog hits you but does no damage.
You hit the bullfrog.
The bullfrog is poisoned.
You headbutt the bullfrog!
The bullfrog is almost dead.
The bullfrog barely misses you. x2
You puncture the bullfrog!
You kill the bullfrog!
You hit the orc warrior.
The orc warrior is poisoned.
The orc warrior is lightly wounded.
The orc warrior hits you with a +0 scimitar!
* * * LOW HITPOINT WARNING * * *
You closely miss the orc warrior.
The orc warrior is lightly wounded.
The orc warrior closely misses you.
You hit the orc warrior but do no damage.
The orc warrior is lightly wounded.
The orc warrior hits you with a +0 scimitar!
* * * LOW HITPOINT WARNING * * *
You barely miss the orc warrior. You headbutt the orc warrior!
The orc warrior is moderately wounded.
The orc warrior hits you with a +0 scimitar.
* * * LOW HITPOINT WARNING * * *
You hit the orc warrior.
The orc warrior looks as sick as possible!
The orc warrior is heavily wounded.
The orc warrior misses you.
Casting: Beastly Appendage (safe; 38% risk of failure)
Confirm with . or Enter, or press ? or * to list all spells.
You miscast Scorch.
You are very lightly contaminated with residual magic.
Nothing appears to happen.
* * * LOW HITPOINT WARNING * * *
The orc warrior hits you with a +0 scimitar!
You die...

#.########### #.#
#.# #.#
############
#>#####..........#
#............###.#
##########...# #.#
##.o.....###.## #.#
#.@###.#.$##.# #.#
##..# ..# #.# ##.#
#### #.# ##..# #.#
#..## #.#
#.##.###### #.#
#..##.#.#.#######.#
##................#
##################


You could see an orc warrior (extremely poisoned).

Vanquished Creatures
  A phantom (D:4)
  A bullfrog (D:4)
  A scorpion (D:3)
  2 adders (D:3)
  A worm (D:2)
  2 endoplasms
  4 giant cockroaches
  8 goblins
  4 hobgoblins
  2 jackals (D:1)
  3 quokkas
  5 ball pythons
  7 bats
  7 frilled lizards
  6 kobolds
  8 rats
62 creatures vanquished.

Notes
Turn   | Place    | Note
-------+----------+-------------------------------------------
     0 | D:1      | browni3141 the Djinni Fighter began the quest for the Orb.
     0 | D:1      | Reached XP level 1. HP: 20/20 MP: 0/0
   118 | D:1      | Reached XP level 2. HP: 17/25 MP: 0/0
   596 | D:2      | Reached XP level 3. HP: 30/30 MP: 0/0
   596 | D:2      | Learned a level 1 spell: Beastly Appendage
  1302 | D:3      | Reached XP level 4. HP: 29/35 MP: 0/0
  1357 | D:3      | Noticed a scorpion
  1368 | D:3      | Killed a scorpion
  1369 | D:3      | Reached XP level 5. HP: 29/40 MP: 0/0
  1369 | D:3      | Learned a level 2 spell: Scorch
  1501 | D:3      | Found a shadowy altar of Dithmenos.
  1597 | D:3      | Identified the +1 ring mail of Generosity {rN+ Regen+
                  | Slay+2 Stlth+}
  1996 | D:4      | Noticed a phantom
  2006 | D:4      | Killed a phantom
  2007 | D:4      | Reached skill level 3 in Long Blades
  2007 | D:4      | Reached XP level 6. HP: 43/46 MP: 0/0
  2121 | D:4      | Noticed an orc warrior
  2135 | D:4      | Slain by an orc warrior

Illustrated notes

Levels and vault maps discovered:
D:1:      lightli_iron_boxes, layout_rooms, minmay_pentomino_q2
D:2:      layout_loops_ring, minivault_23, amcnicky_mini_pool_small,
          minmay_crystal_room
D:3:      layout_basic, mainiacjoe_overflow_cross_hatched
D:4:      layout_loops_ring, mainiacjoe_overflow_brackets,
          grunt_temple_overflow_bloody_war, portal_sewer_entry_e,
          minmay_small_thing

Skill      XL: |  1  2  3  4  5 |
---------------+----------------+-----
Long Blades    | 2 3 |  3.2
Dodging        | 1 2 |  2.8
Spellcasting   | 1 |  1.7
Fighting       | |  3.5
Armour         | |  3.5
Shields        | |  3.5

Action                     |  1- 3 |  4- 6 || total
---------------------------+-------+-------++-------
  Melee: Long sword        |    42 |       ||    42
         Short sword       |    95 |    60 ||   155
         Headbutt          |       |    10 ||    10
   Cast: Beastly Appendage |       |     7 ||     7
    Use: Potion            |       |     1 ||     1
 Armour: Scale mail        |    62 |       ||    62
         Leather armour    |     1 |     9 ||    10
         Ring mail         |       |     8 ||     8
  Dodge: Dodged            |    61 |    28 ||    89
  Block: Buckler           |    42 |     9 ||    51
